 Dungeon Crawl Stone Soup version 0.25.0-11-g1f837a76a1 (webtiles) character file.

Game seed: 8645204523345935136

31166 Ijustatesigmund the Cleaver (level 13, -6/123 HPs)
             Began as a Minotaur Berserker on June 25, 2020.
             Was a High Priest of Trog.
             Mangled by Jorgrun
             ... wielding an uncursed staff of earth
              (22 damage)
             ... on level 15 of the Dungeon.
             The game lasted 00:36:04 (17381 turns).

Ijustatesigmund the Cleaver (Minotaur Berserker)   Turns: 17381, Time: 00:36:04

Health: -6/123     AC: 33    Str: 22    XL:     13   Next: 24%
Magic:  12/12      EV:  5    Int:  4    God:    Trog [*****.]
Gold:   590        SH: 13    Dex: 13    Spells: 12/12 levels left

rFire    + + .     SeeInvis +   p - +1 flail (protect)
rCold    + + .     Gourm    .   y - +0 kite shield
rNeg     . . .     Faith    .   E - +3 gold dragon scales
rPois    +         Spirit   .   A - +0 hat {SInv}
rElec    .         Reflect  .   B - +1 cloak
rCorr    .         Harm     .   (no gloves)
MR       .....     Clarity  +   o - +2 pair of boots
Stlth    ..........             (no amulet)
HPRegen  0.30/turn              m - ring of protection from fire
MPRegen  0.13/turn              D - ring of protection from cold

@: grasped by roots, protection aura, berserk cooldown, slowed, constricted,
very slow
A: retaliatory headbutt, horns 2, clarity, sense surroundings 1, weak 1,
evolution 1, subdued magic 1
a: Berserk, Trog's Hand, Brothers in Arms, Renounce Religion


You were on level 15 of the Dungeon.
You worshipped Trog.
Trog was extremely pleased with you.
You were very hungry.

You visited 1 branch of the dungeon, and saw 15 of its levels.

You collected 984 gold pieces.
You spent 394 gold pieces at shops.

Inventory:

Hand Weapons
 a - a +6 vorpal war axe
 p - a +1 flail of protection (weapon)
Armour
 o - a +2 pair of boots (worn)
 y - a +0 kite shield (worn)
 A - a +0 hat of see invisible (worn)
 B - a +1 cloak (worn)
 E - +3 gold dragon scales (worn)
Jewellery
 l - an uncursed ring of resist corrosion
 m - a ring of protection from fire (left hand)
 D - a ring of protection from cold (right hand)
Wands
 g - a wand of clouds (4)
 r - a wand of polymorph (10)
 t - a wand of paralysis (17)
 u - a wand of disintegration (10)
 v - a wand of flame (18)
 w - a wand of iceblast (30)
Scrolls
 d - 5 scrolls of fog
 i - 5 scrolls of immolation
 j - 2 scrolls of fear
 n - 7 scrolls of remove curse
 q - 6 scrolls of teleportation
 z - 2 scrolls of identify
 I - 2 scrolls of blinking
Potions
 b - a potion of magic
 e - 6 potions of might
 f - 3 potions of stabbing
 h - 10 potions of heal wounds
 k - 3 potions of lignification
 s - a potion of haste
 x - 2 potions of curing
 C - a potion of cancellation
 F - a potion of flight
 H - 2 potions of resistance
 K - a potion of ambrosia
Comestibles
 c - 19 rations
 G - 11 chunks of flesh


   Skills:
 + Level 13.7 Fighting
 + Level 13.7 Axes
 + Level 10.8 Armour
 - Level 10.3 Dodging
 - Level 11.6 Shields


You had 12 spell levels left.
You didn't know any spells.
Your spell library was empty.

Dungeon Overview and Level Annotations

Branches:
Dungeon (15/15)            Temple (0/1) D:4            Lair (0/6) D:10
    Orc (0/2) D:12         Vaults (0/5) D:13
 Depths: D:15

Altars:
Ashenzari
Dithmenos
Elyvilon
Fedhas
Gozag
Hepliaklqana
Kikubaaqudgha
Nemelex Xobeh
Okawaru
Sif Muna
Trog
Vehumet
Xom
The Shining One

Shops:
D:9 }   D:10 ?   D:11 [   D:12 [?

Annotations:
D:15 Jorgrun


Innate Abilities, Weirdness & Mutations

You reflexively headbutt those who attack you in melee.
You have a pair of horns on your head.
You possess an exceptional clarity of mind.
You passively map a small area around you.
You are weak. (Str -2)
You evolve.
Your spells are a little easier to cast, but a little less powerful.


Message History

Roots burst forth from the earth!
The grasping roots grab you!
* * * LOW HITPOINT WARNING * * *
The grasping roots constrict you!
Jorgrun hits you with an uncursed staff of earth!
* * * LOW HITPOINT WARNING * * *
The grasping roots constrict you. Jorgrun hits you but does no damage.
* * * LOW HITPOINT WARNING * * *
The grasping roots constrict you.
Jorgrun says, "'tis place shall be yer tomb!"
Jorgrun points at you and mumbles some strange words.
* * * LOW HITPOINT WARNING * * *
The grasping roots constrict you!
You turn to flesh and can move again.
You hit Jorgrun.
Your weapon exudes an aura of protection.
Jorgrun is almost dead.
Jorgrun hits you but does no damage. Jorgrun crushes you!!
You die...

* * ###### ###### #....#
.....# #....#* .....#
###....#** * ###..#
#......# ## ,.#
#..####......##.####..##
* *
#.............@g.†......,
#.........######...[....
, ,* ###.........#,
#........ ............#,
#........ ............#,,
,#........ ####........#
,, ......... , ,
#........# ,.....#### * ,
#........# .....# ,
,,########.# ......#


You could see Jorgrun.

Vanquished Creatures
  2 vault guards (D:13)
  2 hydras
  3 two-headed ogres
  A death knight (D:14)
  2 skeletal warriors (D:14)
  A shadow wraith (D:14)
  An unseen horror (D:13)
  A necromancer (D:13)
  2 wizards
  5 cyclopes
  3 deep elf magi
  An orc knight (D:12)
  3 slime creatures (D:13)
  An elephant (D:10)
  2 centaur zombies (D:14)
  A gargoyle (D:14)
  3 centaur skeletons
  6 trolls
  2 tengu conjurers (D:13)
  3 meliai (D:13)
  A meliai zombie (D:15)
  3 hippogriffs
  Sigmund (D:5)
  A shadow (D:12)
  20 humans (D:13)
  2 wyverns (D:9)
  A basilisk (D:10)
  3 wraiths
  11 yaks
  A steam dragon (D:8)
  2 hungry ghosts
  A soldier ant (D:12)
  An acid dragon (D:11)
  2 water moccasins
  6 ice beasts
  2 sky beasts
  2 necrophages
  9 orc warriors
  4 phantoms
  A black bear (D:11)
  8 ogres
  11 centaurs
  3 crocodiles
  A wolf (D:11)
  A big kobold (D:7)
  A wyvern zombie (D:13)
  6 bullfrogs
  4 scorpions
  2 wyvern skeletons
  5 howler monkeys
  7 wights
  An electric eel (D:14)
  4 crimson imps
  2 bullfrog zombies
  A jelly (D:11)
  A quasit (D:13)
  An orc priest (D:9)
  4 hounds
  4 bullfrog skeletons
  4 iguanas
  7 orc wizards
  9 worker ants
  2 worker ant zombies
  A howler monkey skeleton (D:8)
  12 adders
  A hound simulacrum (D:11)
  A shadow imp (D:5)
  A worker ant simulacrum (D:11)
  An ufetubus (D:11)
  3 oozes
  An adder skeleton (D:9)
  3 worms
  A dart slug (D:1)
  5 leopard geckos
  38 orcs
  4 giant cockroaches
  7 goblins
  5 hobgoblins
  13 jackals
  4 quokkas
  A ball python (D:1)
  8 bats
  4 frilled lizards
  A jackal skeleton (D:5)
  9 kobolds
  2 leopard gecko skeletons (D:4)
  A quokka skeleton (D:4)
  5 rats
340 creatures vanquished.

Vanquished Creatures (others)
  A wizard (D:14)
1 creature vanquished.

Grand Total: 341 creatures vanquished

Notes
Turn   | Place    | Note
-------+----------+-------------------------------------------
     0 | D:1      | Ijustatesigmund the Minotaur Berserker began the quest for
                  | the Orb.
     0 | D:1      | Reached XP level 1. HP: 19/19 MP: 0/0
   862 | D:1      | Reached XP level 2. HP: 27/27 MP: 1/1
  1070 | D:2      | Reached XP level 3. HP: 30/34 MP: 2/2
  1712 | D:2      | Reached XP level 4. HP: 41/41 MP: 3/3
  1791 | D:2      | Found a shadowy altar of Dithmenos.
  1831 | D:2      | Reached ** piety under Trog
  1978 | D:3      | Reached skill level 5 in Fighting
  1980 | D:3      | Reached skill level 5 in Axes
  2201 | D:3      | You fall into a shaft and drop 1 floor!
  2262 | D:4      | Reached XP level 5. HP: 50/50 MP: 4/4
  2707 | D:3      | Found a shimmering altar of Xom.
  2841 | D:3      | Reached XP level 6. HP: 54/57 MP: 5/5
  3073 | D:4      | Got a bronze ring mail
  3103 | D:3      | Identified the +4 ring mail of Adeanut {MR++ Str-3 Dex+9
                  | Slay-3} (You found it on level 4 of the Dungeon)
  3172 | D:4      | Reached *** piety under Trog
  3575 | D:4      | Found a staircase to the Ecumenical Temple.
  3582 | D:4      | Reached XP level 7. HP: 66/66 MP: 6/6
  3769 | D:5      | Entered Level 5 of the Dungeon
  4035 | D:5      | Noticed Sigmund
  4045 | D:5      | Killed Sigmund
  4045 | D:5      | Reached skill level 5 in Armour
  4045 | D:5      | Reached XP level 8. HP: 70/74 MP: 7/7
  4073 | D:5      | Found an opulent altar of Gozag.
  4074 | D:5      | Got a heavily runed zirconium amulet
  4076 | D:5      | Identified the amulet "Sikhah" {Faith *Slow rC+ MR++ Str+3}
                  | (You found it on level 5 of the Dungeon)
  4083 | D:5      | Found an iron altar of Okawaru.
  4290 | D:5      | Noticed a hippogriff
  4313 | D:5      | Killed a hippogriff
  4426 | D:5      | Found a white marble altar of Elyvilon.
  4609 | D:6      | Found a blossoming altar of Fedhas.
  4948 | D:6      | Found a glowing golden altar of the Shining One.
  4952 | D:6      | Gained mutation: You tend to lose your temper in combat.
                  | [potion of mutation]
  4952 | D:6      | Gained mutation: You evolve. [potion of mutation]
  5170 | D:6      | Gained mutation: Your movements are slightly less
                  | encumbered by armour. (ER -2) [evolution]
  5525 | D:6      | Found an ancient bone altar of Kikubaaqudgha.
  5534 | D:6      | Found a shimmering blue altar of Sif Muna.
  5536 | D:6      | Found a radiant altar of Vehumet.
  5977 | D:7      | Reached XP level 9. HP: 77/84 MP: 8/8
  6571 | D:8      | Reached skill level 10 in Fighting
  6644 | D:8      | Lost intelligence.
  6651 | D:8      | Found a shattered altar of Ashenzari.
  6734 | D:8      | Reached skill level 10 in Axes
  7105 | D:8      | Reached skill level 5 in Dodging
  7155 | D:8      | Found a sparkling altar of Nemelex Xobeh.
  7204 | D:8      | Found a hazy altar of Hepliaklqana.
  7343 | D:8      | Gained mutation: You are resistant to hostile enchantments.
                  | (MR+) [evolution]
  7749 | D:9      | Noticed a two-headed ogre
  7764 | D:9      | Killed a two-headed ogre
  7764 | D:9      | Reached XP level 10. HP: 21/95 MP: 9/9
  8185 | D:9      | Found Tiakicla's Gadget Emporium.
  8283 | D:9      | Gained mutation: You have large cloven feet. [evolution]
  8283 | D:9      | Lost mutation: You evolve. [end of evolution]
  8914 | D:9      | Noticed a cyclops
  8928 | D:9      | Killed a cyclops
  8928 | D:9      | Reached skill level 1 in Shields
  9610 | D:10     | Entered Level 10 of the Dungeon
  9724 | D:10     | Noticed an elephant
  9743 | D:10     | Killed an elephant
  9817 | D:10     | Found a staircase to the Lair.
 10216 | D:10     | Lost mutation: You have large cloven feet. [potion of
                  | mutation]
 10216 | D:10     | Lost mutation: You tend to lose your temper in combat.
                  | [potion of mutation]
 10216 | D:10     | Lost mutation: You are resistant to hostile enchantments.
                  | (MR+) [potion of mutation]
 10216 | D:10     | Gained mutation: You are weak. (Str -2) [potion of
                  | mutation]
 10216 | D:10     | Gained mutation: You occasionally shout uncontrollably at
                  | your foes. [potion of mutation]
 10216 | D:10     | Gained mutation: Scrolls take you a little longer to read.
                  | [potion of mutation]
 10216 | D:10     | Gained mutation: You passively map a small area around you.
                  | [potion of mutation]
 10295 | D:10     | Found Fosue's Magic Scroll Boutique.
 10298 | D:10     | Bought a scroll of enchant armour for 105 gold pieces
 10298 | D:10     | Bought a scroll of identify for 28 gold pieces
 10298 | D:10     | Bought a scroll of identify for 28 gold pieces
 10553 | D:10     | Noticed a two-headed ogre
 10567 | D:10     | Killed a two-headed ogre
 11359 | D:11     | Reached skill level 5 in Shields
 11359 | D:11     | Reached XP level 11. HP: 100/105 MP: 10/10
 11937 | D:11     | Found Xaxtip's Armour Boutique.
 12437 | D:11     | Identified the cursed +1 ring mail "Letiq" {rPois} (You
                  | found it on level 11 of the Dungeon)
 12979 | D:12     | Noticed a five-headed hydra
 12993 | D:12     | Killed a five-headed hydra
 13360 | D:12     | Found Muywkote's Armour Emporium.
 13361 | D:12     | Noticed an orc knight
 13362 | D:12     | Found a staircase to the Orcish Mines.
 13376 | D:12     | Killed an orc knight
 13697 | D:12     | Found Weqiarphoppo's Magic Scroll Shop.
 13701 | D:12     | Bought a scroll of enchant weapon for 97 gold pieces
 13701 | D:12     | Bought a scroll of blinking for 97 gold pieces
 13701 | D:12     | Bought a scroll of teleportation for 39 gold pieces
 14767 | D:13     | Reached XP level 12. HP: 77/115 MP: 11/11
 15203 | D:13     | Reached **** piety under Trog
 15218 | D:13     | Found a gate to the Vaults.
 15218 | D:13     | Noticed a vault guard
 15218 | D:13     | Noticed a vault guard
 15230 | D:13     | Killed a vault guard
 15235 | D:13     | Reached skill level 10 in Armour
 15238 | D:13     | Reached skill level 10 in Shields
 15254 | D:13     | Killed a vault guard
 15679 | D:13     | Reached skill level 10 in Dodging
 15892 | D:13     | Identified a scroll of acquirement
 16251 | D:14     | Noticed a death knight
 16267 | D:14     | Killed a death knight
 16278 | D:14     | Reached XP level 13. HP: 55/122 MP: 12/12
 16656 | D:14     | Lost mutation: You occasionally shout uncontrollably at
                  | your foes. [potion of mutation]
 16656 | D:14     | Lost mutation: Scrolls take you a little longer to read.
                  | [potion of mutation]
 16656 | D:14     | Lost mutation: Your movements are slightly less encumbered
                  | by armour. (ER -2) [potion of mutation]
 16656 | D:14     | Gained mutation: You possess an exceptional clarity of
                  | mind. [potion of mutation]
 16656 | D:14     | Gained mutation: Your spells are a little easier to cast,
                  | but a little less powerful. [potion of mutation]
 16656 | D:14     | Gained mutation: You evolve. [potion of mutation]
 16876 | D:14     | Reached ***** piety under Trog
 16893 | D:14     | Found a bloodstained altar of Trog.
 17162 | D:15     | Entered Level 15 of the Dungeon
 17343 | D:15     | Noticed Jorgrun
 17381 | D:15     | Mangled by Jorgrun

Illustrated notes

Levels and vault maps discovered:
D:1:      dpeg_arrival_pits, layout_basic
D:2:      layout_basic, lemuel_doored_altar, minmay_misc_feat_four_crosses,
          hangedman_decor_push, minmay_misc_feat_square
D:3:      layout_rooms, old_standard_altar, first_ration
D:4:      layout_loops_ring, minmay_temple_entry_overgrown
D:5:      layout_rooms, lemuel_coloured_pillars_altar, okawaru_trees_1,
          overflow_temple_1_default, uniq_sigmund
D:6:      cheibrodos_iron_armory, layout_loops_corners,
          grunt_temple_overflow_magic_moments, fedhas_altar_4, tso_metal_star
D:7:      layout_loops_ring, grunt_ogre_cave
D:8:      layout_basic, kennysheep_mini, nicolae_ashenzari_panopticon,
          nemelex_xobeh_ov_fountains_minmay
D:9:      layout_layer_cave, serial_shops, nicolae_shop_stone
D:10:     layout_basic, david_lair_generic, serial_shops,
          nicolae_shop_behind_doors, kennysheep_generic_room_5
D:11:     layout_irregular_city, serial_shops, nicolae_shop_waterfront,
          serial_ice, serial_ice_e, serial_ice_k, serial_ice_b, serial_ice_a
D:12:     layout_cave_pools, orc_david_3, serial_shops, shop_statue
D:13:     layout_stronghold, grunt_vaults_entry_tiered
D:14:     layout_basic, chequers_mini_garden, trog_wizard
D:15:     grunt_enter_depths_snipers, layout_irregular_city,
          serial_park_avenue1, uniq_jorgrun

Skill      XL: |  1  2  3  4  5  6  7  8  9 10 11 12 |
---------------+-------------------------------------+-----
Fighting       | 4 5 6 7 9 11 12 13 | 13.7
Axes           | 4 5 6 7 8 9 11 12 13 | 13.7
Armour         | 4 5 6 8 10 | 10.8
Dodging        | 3 6 8 10 | 10.3
Shields        | 5 8 11 | 11.6

Action                   |  1- 3 |  4- 6 |  7- 9 | 10-12 | 13-15 || total
-------------------------+-------+-------+-------+-------+-------++-------
Melee: Hand axe          |    69 |   131 |   315 |   440 |       ||   955
       Headbutt          |    11 |    26 |    77 |   176 |    15 ||   305
       War axe           |       |       |       |   276 |    53 ||   329
       Flail             |       |       |       |     6 |    22 ||    28
Invok: Berserk           |     1 |     1 |     2 |    11 |     1 ||    16
       Trog's Hand       |       |     1 |       |     3 |       ||     4
Evoke: Wand              |       |       |       |     1 |     1 ||     2
  Use: Scroll            |     3 |     3 |    14 |    19 |       ||    39
       Potion            |       |       |     1 |     1 |     1 ||     3
  Eat: Chunk             |     3 |     6 |     8 |    21 |     4 ||    42
       Ration            |       |     1 |     2 |     7 |       ||    10
Armor: Animal skin       |    17 |       |       |       |       ||    17
       Leather armour    |       |    27 |       |       |       ||    27
       Chain mail        |       |    16 |   166 |    46 |       ||   228
       Gold dragon scale |       |       |       |   333 |    59 ||   392
Dodge: Dodged            |    71 |    64 |   164 |   177 |    22 ||   498
Block: Kite shield       |       |       |       |   310 |    48 ||   358
